 Dungeon Crawl Stone Soup version 0.30.0-5-g1a98f26d00 (webtiles) character file.

Game seed: 14927953358784362261

11 hawla the Firebug (level 2, 0/20 HPs)
             Began as a Meteoran Fire Elementalist on May 12, 2023.
             Slain by a gnoll
             ... wielding a +0 club
              (3 damage)
             ... on level 2 of the Dungeon.
             The game lasted 00:01:02 (261 turns).

hawla the Firebug (Meteoran Fire Elementalist)       Turns: 261, Time: 00:01:03

Health: 0/20       AC:  2    Str:  9    XL:     2   Next: 58%
Magic:  7/7        EV: 12    Int: 16    God:
Gold:   27         SH:  0    Dex: 14    Spells: 4/7 levels left

rFire   . . .        (no weapon)
rCold   . . .        (no shield)
rNeg    . . .        a - +0 robe
rPois   .            (no helmet)
rElec   .            (no cloak)
rCorr   .            (no gloves)
SInv    .            (no boots)
Will    .....        (no amulet)
Stlth   +            (no ring)
HPRegen 0.23/turn    (no ring)
MPRegen 0.10/turn

%: no passive effects
@: glowing
A: sense surroundings 1, otherworldly, glowing, explore regen
a: no special abilities


You were on level 2 of the Dungeon.
You visited 1 branch of the dungeon, and saw 2 of its levels.

You collected 27 gold pieces.

Inventory:

Armour
 a - a +0 robe (worn)


   Skills:
 + Level 2.5 Dodging
 - Level 1.4 Stealth
 + Level 3.0 Spellcasting
 + Level 1.2 Conjurations
 + Level 4.1 Fire Magic


You had 4 spell levels left.
You knew the following spells:

 Your Spells              Type           Power      Damage    Failure   Level
a - Foxfire               Conj/Fire      44%        2x1d6     6%          1
b - Scorch                Fire           30%        2d6       4%          2

Your spell library contained the following spells:

 Spells                   Type           Power      Damage    Failure   Level
 Summon Small Mammal      Summ           8%         N/A       19%         1
 Inner Flame              Hex/Fire       9%         N/A       24%         3
 Volatile Blastmotes      Fire/Tloc      18%        2d11      24%         3
 Call Canine Familiar     Summ           2%         N/A       50%         3
 Summon Guardian Golem    Hex/Summ       2%         N/A       50%         3
 Flame Wave               Conj/Fire      11%        2d6       52%         4


Dungeon Overview and Level Annotations

Branches:
Dungeon (2/15) Zot: 938

Altars:


Innate Abilities, Weirdness & Mutations

You passively map a small area around you.
You are easily found by Zot.
You glow in the dark.
You regain HP and MP as you explore.


Message History

The ball python moves out of view.
Casting: Scorch (safe; 5% risk of failure)
Confirm with . or Enter, or press ? or * to list all spells.
You conjure some foxfire!
The kobold throws a stone.
The stone barely misses you.
Casting: Foxfire (safe; 6% risk of failure)
Confirm with . or Enter, or press ? or * to list all spells.
You conjure some foxfire!
The foxfire hits the kobold.
You kill the kobold!
The foxfire hits the ball python.
The ball python is moderately wounded.
The foxfire hits the ball python.
The ball python is moderately wounded.
The foxfire hits the ball python.
You kill the ball python!
A gnoll comes into view. It is wielding a +0 spear.
The gnoll shouts!
A gnoll comes into view. It is wielding a +0 club.
A gnoll comes into view. It is wielding a +0 flail.
The gnoll shouts!
Casting: Foxfire (safe; 6% risk of failure)
Confirm with . or Enter, or press ? or * to list all spells.
You conjure some foxfire!
The gnoll hits you from afar with a +0 spear!
Casting: Foxfire (safe; 6% risk of failure)
Confirm with . or Enter, or press ? or * to list all spells.
Flames lash the gnoll.
The gnoll is moderately wounded.
The gnoll's fire resistance burns away.
The foxfire hits the gnoll.
The gnoll is moderately wounded.
The foxfire hits the gnoll.
The gnoll is burned terribly!
The gnoll is heavily wounded.
The gnoll hits you from afar with a +0 spear.
You aren't carrying any scrolls.
Magic courses through your body.
The gnoll hits you from afar with a +0 spear.
* * * LOW HITPOINT WARNING * * *
The gnoll hits you with a +0 club.
You die...

#.####(.###.#...<...#
* ###..# #§####.##.#
# *#....# #.####.##<#
#.##.##.# #......##.#
#.......# #########..
####.####* * * ##.
#....## , , * .
##..†..#.., ,,* *.
#.@.)..... * *.
#..ggg....., *.
#.......... ,,
#.........#
##........# * ,
##.....#.. ##...####
* .... , , *


You could see 3 gnolls.

Vanquished Creatures
  A bat (D:2)
  A goblin (D:1)
  3 kobolds
  A quokka (D:2)
  2 ball pythons
  2 frilled lizards (D:1)
  3 rats (D:1)
13 creatures vanquished.

Vanquished Creatures (others)
  24 foxfires
24 creatures vanquished.

Grand Total: 37 creatures vanquished

Notes
Turn   | Place    | Note
-------+----------+-------------------------------------------
     0 | D:1      | hawla the Meteoran Fire Elementalist began the quest for
                  | the Orb.
     0 | D:1      | Reached XP level 1. HP: 14/14 MP: 5/5
   161 | D:1      | Reached XP level 2. HP: 20/20 MP: 2/7
   211 | D:1      | Reached skill level 4 in Fire Magic
   240 | D:2      | Learned a level 2 spell: Scorch
   261 | D:2      | Slain by a gnoll

Illustrated notes

Levels and vault maps discovered:
D:1:      dpeg_arrival_arbitrary_b, layout_loops_ring
D:2:      layout_loops_cross, dilly_ecumenical_altar_fadedgnrine,
          uniq_crazy_yiuf_cottage, uniq_sigmund, uniq_jessica, uniq_robin

Skill      XL: |  1  2 |
---------------+-------+-----
Spellcasting   | 3 |  3.0
Fire Magic     | 4 |  4.1
Dodging        | |  2.5
Stealth        | |  1.4
Conjurations   | |  1.2

Action                     || total
---------------------------++-------
  Melee: Unarmed           ||     3
   Cast: Foxfire           ||    16
         Scorch            ||     2
    Use: Potion            ||     1
 Armour: Robe              ||     2
  Dodge: Dodged            ||     7
